 Dungeon Crawl Stone Soup version 0.30-a0-694-g3340775977 (webtiles) character file.

Game seed: 11770937980362753889

47 Alitron123 the Firebug (level 3, -1/21 HPs)
             Began as an Octopode Fire Elementalist on Jan 20, 2023.
             Slain by Pargi (8 damage)
             ... on level 3 of the Dungeon.
             The game lasted 00:03:25 (2864 turns).

Alitron123 the Firebug (Octopode Fire Elementalist) Turns: 2864, Time: 00:03:25

Health: -1/21      AC:  1    Str:  7    XL:     3   Next: 70%
Magic:  0/6        EV: 13    Int: 19    God:
Gold:   177        SH:  0    Dex: 12    Spells: 4/7 levels left

rFire   . . .      SeeInvis .    p - staff of poison
rCold   . . .      Faith    .    (no shield)
rNeg    . . .      Spirit   .    (helmet restricted)
rPois   +          Reflect  .    (no amulet)
rElec   .          Harm     .    i - ring of willpower
rCorr   .          Rampage  .    (no ring)
Will    +....                    (no ring)
Stlth   +++                      (no ring)
HPRegen 0.23/turn                (no ring)
MPRegen 0.10/turn                (no ring)
                                 (no ring)
                                 (no ring)

@: no status effects
A: almost no armour, amphibious, 8 rings, camouflage 1, gelatinous body 1,
(nimble swimmer 1), tentacles
a: no special abilities


You were on level 3 of the Dungeon.
You visited 1 branch of the dungeon, and saw 3 of its levels.

You collected 177 gold pieces.

Inventory:

Hand Weapons
 g - a +0 dagger of draining
Magical Staves
 p - a staff of poison (weapon)
Jewellery
 i - a ring of willpower (left tentacle)
Scrolls
 b - 2 scrolls of amnesia {unknown}
 c - 6 scrolls of identify {unknown}
 f - a scroll of poison {unknown}
 h - 6 scrolls of fear {unknown}
 l - a scroll of acquirement {unknown}
 n - a scroll of teleportation {unknown}
 o - a scroll of blinking {unknown}
Potions
 a - a potion of magic
 d - 5 potions of curing {unknown}
 e - 3 potions of heal wounds {unknown}
 j - 3 potions of cancellation {unknown}
 k - a potion of lignification {unknown}
 m - 2 potions of might {unknown}
 q - 2 potions of mutation {unknown}


   Skills:
 + Level 2.3 Dodging
 + Level 2.8 Stealth
 + Level 2.5 Spellcasting
 + Level 1.0 Conjurations
 + Level 3.9 Fire Magic


You had 4 spell levels left.
You knew the following spells:

 Your Spells              Type           Power      Damage    Failure   Level
a - Foxfire               Conj/Fire      44%        2x1d6     6%          1
b - Scorch                Fire           34%        2d6       4%          2

Your spell library contained the following spells:

 Spells                   Type           Power      Damage    Failure   Level
 Inner Flame              Hex/Fire       9%         N/A       22%         3
 Lesser Beckoning         Tloc           4%         N/A       24%         2
 Kindle Blastsparks       Fire/Tloc/Air  14%        2d11      28%         3
 Stone Arrow              Conj/Erth      8%         3d7       36%         3
 Gell's Gravitas          Tloc           2%         N/A       43%         3
 Teleport Other           Tloc           2%         N/A       43%         3
 Flame Wave               Conj/Fire      11%        2d6       50%         4
 Lehudib's Crystal Spear  Conj/Erth      2%         10d2      100%        8
 Animate Armour           Summ/Erth      Unusable   N/A       N/A         4

Dungeon Overview and Level Annotations

Branches:
Dungeon (3/15)

Altars:
Uskayaw

Shops:
D:3 (

Annotations:
D:3 Pargi


Innate Abilities, Weirdness & Mutations

You cannot wear most types of armour.
You are amphibious.
You can wear up to eight rings at the same time.
Your skin changes colour to match your surroundings (Stealth+).
Your rubbery body absorbs attacks. (AC +1, EV +1)
((You are camouflaged when in or above water. (Stealth+)))
You have tentacles for arms and can constrict up to eight enemies at once.


Message History

You now have 167 gold pieces (gained 16).
There is an entrance to Sushralyo's Weapon Boutique here.
You now have 177 gold pieces (gained 10).
q - 2 fuming inky potions
There is a stone staircase leading up here.
Found 6 boomerangs.
A giant cockroach comes into view.
A giant cockroach is nearby!
Casting: Scorch (safe; 4% risk of failure)
Confirm with . or Enter, or press ? or * to list all spells.
Flames lash the giant cockroach.
You kill the giant cockroach!
Pargi the Meek comes into view.
Pargi is nearby!
Casting: Scorch (safe; 4% risk of failure)
Confirm with . or Enter, or press ? or * to list all spells.
You can't see any susceptible monsters within range! (Use Z to cast anyway.)
Casting: Scorch (safe; 4% risk of failure)
Confirm with . or Enter, or press ? or * to list all spells.
Flames lash Pargi.
Pargi shouts!
Pargi is moderately wounded.
Pargi's fire resistance burns away.
Casting: Scorch (safe; 4% risk of failure)
Confirm with . or Enter, or press ? or * to list all spells.
Flames lash Pargi.
Pargi is burned terribly!
Pargi is heavily wounded.
Casting: Scorch (safe; 4% risk of failure)
Confirm with . or Enter, or press ? or * to list all spells.
Flames lash Pargi.
Pargi is burned terribly!
Pargi is almost dead.
Pargi closely misses you. Pargi claws you. x2
You barely miss Pargi. You squeeze Pargi.
Pargi is almost dead.
Pargi bites you! Pargi closely misses you. Pargi claws you.
* * * LOW HITPOINT WARNING * * *
You hit Pargi. You squeeze Pargi, but do no damage.
Pargi is almost dead.
Pargi bites you!
You die...

#### #...#.###..####..........
#..........#........#####
#........#.#........##...
################.#.#........##...
....................###.####.....
#################.......####...##
### #.........#....(.# ..########
####.T..#...##.#....# .........#
#....@..#....#.#....## .........#
#.......#......#....#. #........#
#.......#...#..#...... #........#
##.#....#...#..#..#### #........#
#.#....######....# ##.##.####
#.#....# #.#..# ...##.# #.######
#.#>.# #####.# #.###########.####
....#.# #.(......[....#


You could see Pargi (combustible).

Vanquished Creatures
  An adder (D:2)
  7 ball pythons
  5 endoplasms
  3 giant cockroaches
  5 goblins
  A hobgoblin (D:1)
  A quokka (D:1)
  2 bats
  3 frilled lizards
  5 kobolds
  5 rats
38 creatures vanquished.

Vanquished Creatures (others)
  28 foxfires
28 creatures vanquished.

Grand Total: 66 creatures vanquished

Notes
Turn   | Place    | Note
-------+----------+-------------------------------------------
     0 | D:1      | Alitron123 the Octopode Fire Elementalist began the quest
                  | for the Orb.
     0 | D:1      | Reached XP level 1. HP: 11/11 MP: 3/3
   335 | D:1      | Reached XP level 2. HP: 14/17 MP: 1/5
   390 | D:1      | Learned a level 2 spell: Scorch
   517 | D:1      | Found a faded altar of an unknown god.
  1825 | D:2      | Reached XP level 3. HP: 20/21 MP: 3/6
  2314 | D:3      | Found a hide-covered altar of Uskayaw.
  2713 | D:3      | Found Sushralyo's Weapon Boutique.
  2855 | D:3      | Noticed Pargi
  2864 | D:3      | Slain by Pargi

Illustrated notes

Levels and vault maps discovered:
D:1:      minmay_arrival_loop, layout_basic, serial_forest,
          infiniplex_forest_clump_medium, infiniplex_forest_pool,
          infiniplex_forest_clump_small, infiniplex_forest_lined_room_,
          infiniplex_forest_clump_long, infiniplex_forest_zigzag_1,
          infiniplex_forest_lined_2, hellmonk_ecumenical_altar_run_dry,
          chequers_serial_rivers_micro_e
D:2:      layout_basic, skrybe_limestone_x
D:3:      layout_basic, mainiacjoe_overflow_paths, serial_shops, shop,
          minmay_crystal_water, uniq_pargi

Action                   || total
-------------------------++-------
Melee: Tentacles         ||     4
       Unarmed           ||     1
       Dagger            ||     2
       Staff             ||     2
       Constrict         ||     1
 Cast: Foxfire           ||    17
       Scorch            ||    32
Armor: Skin              ||     2
Dodge: Dodged            ||    10

Table legend: (Time is in decaauts)
 A = Elapsed time spent in this place.
 B = Non-inter-level travel time spent in this place.
 C = Inter-level travel time spent in this place.
 D = Time resting spent in this place.
 E = Time spent auto-exploring this place.
 F = Levels seen in this place.
 G = Mean time per level.
                   A        B        C        D        E       F      G
               +--------+--------+--------+--------+--------+-----+--------+
         Total |   2862 |   2779 |     83 |      0 |   2458 |   3 |  954.0 |
       Dungeon |   2862 |   2779 |     83 |      0 |   2458 |   3 |  954.0 |
               +--------+--------+--------+--------+--------+-----+--------+

Top non-repeatable levels by time:
     D:1: 1222 daAuts
     D:2: 955 daAuts
     D:3: 684 daAuts
